 Dungeon Sprint DCSS version 0.20-a0-1109-ge3cd172 (webtiles) character file.

5173 potatolord5000 the Severer (level 10, -3/108 HPs)
             Began as a Hill Orc Fighter on May 5, 2017.
             Was the Champion of Beogh.
             Slain by an air elemental (8 damage)
             ... in the Dungeon (Sprint V: "Ziggurat Sprint").
             The game lasted 00:07:49 (746 turns).

potatolord5000 the Severer (Hill Orc Fighter)        Turns: 746, Time: 00:07:51

Health: -3/108     AC: 33    Str: 35    XL:     10   Next: 59%
Magic:  0/10       EV:  9    Int:  8    God:    Beogh [******]
Gold:   0          SH:  0    Dex:  8    Spells: 9/9 levels left

rFire    . . .     SeeInvis +   c - +5 executioner's axe
rCold    . . .     Gourm    .   (shield currently unavailable)
rNeg     + + +     Faith    .   a - +15 Maxwell's patent armour {-Cast -Tele rElec MR+ rCorr}
rPois    .         Spirit   +   (no helmet)
rElec    +         Reflect  .   (no cloak)
rCorr    +         Harm     .   y - +0 pair of gloves of Truth {rN+++ MR- Dex-2 SInv} (curse)
MR       .....     NoTele   +   (no boots) Stlth ..........NoCast +
                                z - amulet of guardian spirit
Regen    0.3/turn               o - +6 ring of strength
MPRegen  0.2/turn               p - +6 ring of strength

@: no status effects
A: walk on water
a: Smiting, Recall Orcish Followers, Give Item to Named Follower, Resurrection,
Renounce Religion


You were in the Dungeon.
You worshipped Beogh.
Beogh was exalted by your worship.
You were full.

You visited 1 branch

Inventory:

Hand Weapons
 c - a +5 executioner's axe (weapon)
Armour
 a - the +15 Maxwell's patent armour (worn) {-Cast -Tele rElec MR+ rCorr}
   (You found it in the Dungeon)

   It insulates you from electricity.
   It affects your resistance to hostile enchantments.
   It prevents spellcasting.
   It prevents most forms of teleportation.
   It protects you from acid and corrosion.
 y - the cursed +0 pair of gloves of Truth (worn) {rN+++ MR- Dex-2 SInv}
   (You found it in the Dungeon)

   It affects your dexterity (-2).
   It renders you almost immune to negative energy.
   It affects your resistance to hostile enchantments.
   It lets you see invisible.
   It has a curse placed upon it.
Jewellery
 o - a +6 ring of strength (left hand)
 p - a +6 ring of strength (right hand)
 z - an amulet of guardian spirit (around neck)
Scrolls
 k - 4 scrolls of blinking
 m - 4 scrolls of amnesia
 n - 3 scrolls of recharging
 q - 7 scrolls of fog
 r - a scroll of holy word
 s - 5 scrolls of identify
 t - 5 scrolls of remove curse
 u - 2 scrolls of fear
Potions
 d - 5 potions of might
 e - 3 potions of curing
 g - 14 potions of heal wounds
 h - 6 potions of haste
 i - 7 potions of magic
 j - 3 potions of berserk rage
 v - a potion of brilliance
 w - 2 potions of invisibility
 x - 4 potions of resistance
 A - 5 potions of agility
Comestibles
 b - 42 fruits
 f - 5 bread rations
 l - 3 meat rations


   Skills:
 + Level 16.5 Fighting
 + Level 17.4 Axes
 + Level 15.3 Armour
   Level 3.2 Shields


You had 9 spell levels left.
You didn't know any spells.

Dungeon Overview and Level Annotations

Branches:
Dungeon (1/1)

Altars:
Ashenzari
Cheibriados
Dithmenos
Elyvilon
Fedhas
Gozag
Hepliaklqana
Kikubaaqudgha
Makhleb
Nemelex Xobeh
Okawaru
Qazlal
Ru
Sif Muna
Trog
Uskayaw
Vehumet
Wu Jian
Xom
Yredelemnul
Zin
The Shining One
Beogh
Jiyva
Lugonu

Annotations:
D 1 transporter


Message History

You see here a crystal ball of energy.
You see here a +0 morningstar of protection.
There is a transporter here.
Welcome to arena 10.
You enter the transporter and appear at another place. 4 air elementals, 3 insubstantial wisps and 2 wind drakes come into view.
The wind drake hisses angrily. x2
The insubstantial wisp gives a chilling moan. x2
The wind drake flaps its wings at you. The air twists around and strikes you!
Found eight items.
Found a transporter.
You slice the air elemental!!
The air elemental is heavily damaged.
You closely miss the air elemental. You barely miss the air elemental.
The air elemental hits you!
* * * LOW HITPOINT WARNING * * *
The air elemental hits you but does no damage. x2
The air elemental hits you!
You die...

▓▓▓▓▓▓▓▓▓▓▓▓▓▓▓▓▓▓▓
▓...8©8...▓
▓..)"}}|..▓
▓...}}[)..▓
▓...vEk...▓
▓...kvv...▓
▓.........▓
▓...EEE...▓
▓.▓..@..▓.▓
▓.........▓
▓▓▓▓▓▓▓▓▓▓▓


You could see 2 wind drakes, 4 air elementals and 3 insubstantial wisps.

Vanquished Creatures
  A mana viper (shapeshifter) (D)
  An ugly thing (D)
  A salamander (shapeshifter) (D)
  A moth of wrath (shapeshifter) (D)
  A yaktaur (D)
  A slime creature (D)
  3 merfolk (D)
  A hippogriff (D)
  Sigmund (D)
  3 spriggans (D)
  2 golden eyes (D)
  A neqoxec (D)
  2 water moccasins (D)
  A floating eye (D)
  A black bear (D)
  A necrophage (D)
  An ice beast (shapeshifter) (D)
  2 eyes of draining (D)
  A wolf (D)
  6 centaurs (D)
  A wight (D)
  Jessica (D)
  3 adders (D)
  2 oozes (D)
  2 adder skeletons (D)
  2 bat zombies (D)
  2 ball pythons (D)
45 creatures vanquished.

Vanquished Creatures (others)
  Dowan (D)
1 creature vanquished.

Grand Total: 46 creatures vanquished

Notes
Turn   | Place    | Note
-------+----------+-------------------------------------------
     0 | D        | potatolord5000 the Hill Orc Fighter began the quest for the Orb.
     0 | D        | Reached XP level 1. HP: 19/19 MP: 1/1
     4 | D        | Killed Dowan
     6 | D        | Found a blossoming altar of Fedhas.
     7 | D        | Found a viscous altar of Jiyva.
     7 | D        | Found an ancient bone altar of Kikubaaqudgha.
     7 | D        | Found a hazy altar of Hepliaklqana.
     7 | D        | Found a corrupted altar of Lugonu.
     7 | D        | Found an opulent altar of Gozag.
     7 | D        | Found a burning altar of Makhleb.
    10 | D        | Found a stormy altar of Qazlal.
    10 | D        | Found a sacrificial altar of Ru.
    10 | D        | Found an iron altar of Okawaru.
    10 | D        | Found a deep blue altar of Sif Muna.
    10 | D        | Found a sparkling altar of Nemelex Xobeh.
    10 | D        | Found a bloodstained altar of Trog.
   101 | D        | Became a worshipper of Beogh the Brigand
   112 | D        | Reached skill level 6 in Axes
   112 | D        | Reached skill level 5 in Armour
   112 | D        | Reached XP level 2. HP: 30/30 MP: 2/2
   121 | D        | Entered arena 2.
   121 | D        | Noticed Sigmund
   121 | D        | Noticed Jessica
   123 | D        | Killed Jessica
   123 | D        | Reached XP level 3. HP: 38/38 MP: 3/3
   129 | D        | Killed Sigmund
   129 | D        | Reached skill level 9 in Axes
   129 | D        | Reached XP level 4. HP: 50/50 MP: 4/4
   129 | D        | Reached XP level 5. HP: 57/57 MP: 5/5
   142 | D        | Entered arena 3.
   142 | D        | Noticed a yaktaur
   142 | D        | Noticed a centaur
   142 | D        | Noticed a centaur
   147 | D        | Killed a centaur
   147 | D        | Reached * piety under Beogh
   147 | D        | Reached skill level 10 in Axes
   147 | D        | Reached XP level 6. HP: 47/66 MP: 6/6
   148 | D        | Reached skill level 10 in Fighting
   149 | D        | Killed a yaktaur
   149 | D        | Reached skill level 12 in Axes
   149 | D        | Reached skill level 10 in Armour
   149 | D        | Reached XP level 7. HP: 44/74 MP: 7/7
   284 | D        | Entered arena 4.
   284 | D        | Noticed a golden eye
   288 | D        | Paralysed by a floating eye for 4 turns
   294 | D        | Reached ** piety under Beogh
   308 | D        | Reached XP level 8. HP: 83/83 MP: 0/8
   369 | D        | Reached skill level 13 in Axes
   374 | D        | Got the cursed +0 pair of gloves of Truth {rN+++ MR- Dex-2 SInv}
   384 | D        | Entered arena 5.
   384 | D        | Noticed a slime creature
   388 | D        | Reached *** piety under Beogh
   395 | D        | Killed a slime creature
   417 | D        | Entered arena 6.
   417 | D        | Noticed a spriggan
   417 | D        | Noticed a spriggan
   417 | D        | Noticed a spriggan
   418 | D        | Reached **** piety under Beogh
   424 | D        | Killed a spriggan
   424 | D        | Reached skill level 14 in Axes
   425 | D        | Reached XP level 9. HP: 86/93 MP: 9/9
   521 | D        | Entered arena 7.
   521 | D        | Noticed a salamander
   521 | D        | Noticed a komodo dragon
   521 | D        | Noticed an orb spider
   521 | D        | Noticed a brown ugly thing
   521 | D        | Noticed a troll
   523 | D        | a troll changed into a golden eye
   524 | D        | Noticed a cyclops
   524 | D        | a komodo dragon changed into a cyclops
   529 | D        | Reached ***** piety under Beogh
   530 | D        | Noticed a wind drake
   530 | D        | a cyclops changed into a wind drake
   531 | D        | Killed a brown ugly thing
   531 | D        | Reached skill level 15 in Axes
   533 | D        | Killed a salamander
   534 | D        | an orb spider changed into a basilisk
   536 | D        | Reached skill level 15 in Fighting
   537 | D        | Noticed a moth of wrath
   537 | D        | a wind drake changed into a moth of wrath
   538 | D        | Killed a moth of wrath
   538 | D        | Reached skill level 16 in Axes
   538 | D        | Reached XP level 10. HP: 76/105 MP: 6/10
   538 | D        | Noticed a mana viper
   538 | D        | a basilisk changed into a mana viper
   551 | D        | Killed a mana viper
   663 | D        | Entered arena 8.
   670 | D        | Reached ****** piety under Beogh
   687 | D        | Entered arena 9.
   707 | D        | Got the ring "Coohiphe" {Dex+6 Stlth-}
   710 | D        | Entered arena 10.
   717 | D        | Reached skill level 17 in Axes
   717 | D        | Reached skill level 15 in Armour
   729 | D        | HP: 5/108 [merfolk/trident (6)]
   744 | D        | Entered arena 11.
   746 | D        | HP: 5/108 [air elemental (5)]
   746 | D        | Slain by an air elemental

Vault maps used:
D:        sprint_v

Skill      XL: |  1  2  3  4  5  6  7  8  9 10 |
---------------+-------------------------------+-----
Fighting       | 6 9 11 12 13 15 16 | 16.5
Axes           | 6 9 10 12 14 16 17 | 17.4
Armour         | 5 6 8 9 10 11 12 14 15 | 15.3
Shields        | |  3.2

Action                   |  1- 3 |  4- 6 |  7- 9 | 10-12 || total
-------------------------+-------+-------+-------+-------++-------
Melee: Executioner's axe |     6 |     4 |    59 |    31 ||   100
  Use: Potion            |     2 |       |     8 |       ||    10
  Eat: Meat ration       |       |       |     1 |       ||     1
Armor: Plate armour      |     2 |    12 |    58 |    71 ||   143
Dodge: Dodged            |     5 |     4 |    19 |    22 ||    50
